← All builds
Tech / Armada / Economy first / OBSERVED BUILD

Standard tech

Armada Tech (Eco) build order · Supreme Isthmus

Rushes T2 by 4:15, gets Advanced Metal Extractor around 5:28, hands off T2 constructors to Geo and the team, then scales eco and supplies the team's T2 needs through the rest of the game.

Usually first T2 con to Geo (83%)

#eco #t2 #team support · 1593 distinct matches · 254 players · 60% of Armada Tech games · team won 54% of 1902 · Recently observed

HOW TO PLAY IT

Key timing: T2 factory by 4:15

  1. Open 3 mex and heavy wind to fund a fast T2 rush.
  2. Put down Bot Lab, planning to eat it for reclaim soon after.
  3. Get Advanced Bot Lab up, hitting the T2 factory rush timing.
  4. Upgrade mex to Advanced Metal Extractor to lock in team metal income.
  5. Eat Advanced Bot Lab and keep sending cons to Geo and Pond.

Phase by phase

TYPICAL OF ITS 1593 GAMES
  1. 1
  2. 2
  3. 3
  4. 4
PLAY THE OPENING

Follow the example game's first 6:00 step by step: what to build now, what comes next, and where it goes. At 1× it keeps pace with your own game.

  1. 1

    Up to the Bot Lab

    Economy
    • Metal Extractor3Mex
    • Wind Turbine4Wind
    Order
    1. Bot LabBot Lab after 3 mex, 4 winddone ~1:18, middle half 1:13–1:32

    Some games also: energy storage (31%)

    By 1:01 in all: 3 mex · 4 wind

    The example game in this phase · 3 steps
    1. Mex ×3
    2. Wind ×4
    3. Bot LabBot Labdone 1:16 · typical 1:18
  2. 2

    Bot Lab to Advanced Bot Lab

    Economy
    • Metal Extractor1Mex
    • Wind Turbine8Wind
    • Energy Storage1Energy storage
    Order
    1. Advanced Bot LabAdvanced Bot Lab after 4 mex, 12 wind, 3 con turretdone ~4:16, middle half 4:04–4:30
    Builders
    • Construction Turret3 Con turret
    • Lazarus3 Lazarus
    • Construction Bot2 Con bot
    • Construction Bot1 Con bot for allies

    Some games also: converter (36%)

    By 3:19 in all: 4 mex · 12 wind · 1 energy storage · 3 con turret

    The example game in this phase · 28 steps
    1. LazarusLazarus
    2. Wind
    3. Construction BotCon bot ×2
    4. Wind ×2
    5. Construction BotCon botfor Air
    6. Mex
    7. Con turret
    8. LazarusLazarus
    9. Wind ×3
    10. LazarusLazarus
    11. Wind ×2
    12. Energy storage
    13. Con turret
    14. Metal storage
    15. Bot LabEat Bot Labreclaimed for its metal
    16. Converter
    17. Con turret
    18. Converter
    19. Wind ×2
    20. Converter
    21. Wind ×2
    22. Converter
    23. Wind
    24. Converter
    25. Wind
    26. Con turret
    27. Wind ×10
    28. Advanced Bot LabAdvanced Bot Labdone 4:42 · typical 4:16
  3. 3

    Advanced Bot Lab to 5:00

    Economy
    • Wind Turbine3Wind
    Order
    1. Bot LabEat Bot Lab
    Builders
    • Advanced Construction Bot1 T2 con bot for allies

    Some games also: converter (35%)

    By 5:00 in all: 4 mex · 15 wind · 1 converter · 1 energy storage · 3 con turret

    The example game in this phase · 1 step
    1. Advanced Construction BotT2 con bot ×2for Geo
  4. 4

    5:00 to 10:00

    Economy
    • Wind Turbine43Wind
    • Energy Converter6Converter
    Builders
    • Butler9 Butler
    • Advanced Construction Bot4 T2 con bot for allies
    • Advanced Construction Bot1 T2 con bot

    Some games also: con turret (43%) · Butler for allies (37%)

    By 10:00 in all: 4 mex · 58 wind · 8 converter · 1 energy storage · 3 con turret

    The example game in this phase · 207 steps
    1. Advanced Construction BotT2 con botfor Geo sea
    2. Advanced Metal ExtractorT2 mexdone 5:31 · typical 5:29
    3. ButlerButler ×3
    4. Advanced Metal ExtractorT2 mex
    5. ButlerButler
    6. Wind
    7. ButlerButler
    8. Wind ×3
    9. ButlerButler
    10. Wind
    11. Advanced Metal ExtractorT2 mex
    12. ButlerButler
    13. Wind ×2
    14. ButlerButler
    15. Wind ×4
    16. ButlerButler
    17. Wind ×3
    18. Converter
    19. Wind ×3
    20. ButlerButler
    21. Wind
    22. Converter
    23. Advanced Metal ExtractorT2 mex
    24. ButlerButler
    25. Wind ×3
    26. Converter ×2
    27. ButlerButler
    28. Wind ×3
    29. Converter
    30. Wind ×3
    31. ButlerButler
    32. Converter ×2
    33. Wind
    34. Converter
    35. Wind ×3
    36. ButlerButler
    37. Wind ×2
    38. Converter
    39. ButlerButler
    40. Wind
    41. Converter ×3
    42. Wind ×2
    43. ButlerButler
    44. Wind ×4
    45. Converter
    46. ButlerButler
    47. Wind
    48. Converter ×3
    49. Wind
    50. ButlerButler
    51. Wind ×5
    52. Converter
    53. ButlerButler
    54. Converter ×2
    55. Wind ×2
    56. Converter
    57. Wind ×4
    58. Converter ×2
    59. Wind
    60. ButlerButler
    61. Wind ×3
    62. Converter
    63. Wind ×3
    64. Converter
    65. Wind
    66. Converter ×2
    67. Wind ×3
    68. Advanced Construction BotT2 con botfor Beach sea
    69. Wind
    70. Converter
    71. Wind ×2
    72. Converter
    73. Wind
    74. Converter
    75. Wind
    76. Converter
    77. Wind ×2
    78. Advanced Construction BotT2 con botfor Pond
    79. Wind ×3
    80. Converter ×3
    81. Wind ×2
    82. Converter
    83. Wind ×4
    84. Converter
    85. Advanced Construction BotT2 con bot
    86. Wind
    87. Converter ×2
    88. Wind ×3
    89. Converter
    90. Wind ×2
    91. Converter
    92. Wind
    93. Converter ×2
    94. Wind ×3
    95. Converter
    96. Wind ×2
    97. Advanced Bot LabEat Advanced Bot Labreclaimed for its metal
    98. Con turret
    99. Wind ×4
    100. Converter
    101. Wind
    102. Converter
    103. CitadelAnti-nukedone 10:50
    104. Converter
    105. Con turret
    106. Wind ×2
    107. Converter
    108. Wind ×12
    109. Converter
    110. Wind
    111. Converter
    112. Wind
    113. Converter ×2
    114. Wind
    115. Con turret
    116. Wind ×4
    117. Converter
    118. Wind ×3
    119. Converter
    120. Wind
    121. Converter
    122. Wind
    123. Converter
    124. Wind ×4
    125. Converter
    126. Wind
    127. Con turret
    128. Wind ×2
    129. Converter
    130. Wind ×6
    131. Converter
    132. Wind ×2
    133. Converter
    134. Wind ×2
    135. Converter
    136. Wind ×4
    137. Converter
    138. Wind ×2
    139. Converter
    140. Wind ×2
    141. Converter
    142. Wind ×2
    143. Con turret
    144. Wind
    145. Converter
    146. Wind
    147. Converter
    148. Wind ×2
    149. Con turret
    150. Wind
    151. Converter
    152. Con turret
    153. Wind
    154. Converter
    155. Wind ×4
    156. Con turret
    157. Converter
    158. Con turret
    159. Wind ×2
    160. Converter
    161. Wind
    162. ArbalestArbalest
    163. Converter
    164. Wind ×3
    165. Converter
    166. Con turret
    167. Wind ×2
    168. Converter
    169. Wind
    170. Converter
    171. Wind ×2
    172. Converter
    173. Wind
    174. Converter
    175. Wind ×2
    176. Converter
    177. Con turret
    178. Wind
    179. Converter
    180. Wind
    181. Con turret
    182. Wind ×3
    183. Converter ×2
    184. Con turret
    185. Wind
    186. Converter
    187. Wind
    188. Advanced Fusion ReactorAdvanced Fusion Reactordone 13:49
    189. Con turret
    190. Wind ×4
    191. Converter ×2
    192. Wind
    193. Converter
    194. Wind ×2
    195. Converter ×50
    196. Con turret
    197. Converter ×5
    198. Con turret
    199. Converter ×16
    200. Advanced Fusion ReactorAdvanced Fusion Reactor
    201. Converter ×35
    202. Con turret
    203. Converter ×7
    204. Con turret
    205. Converter ×30
    206. Advanced Metal ExtractorT2 mex
    207. Converter ×10

Counts are medians over the build's games: half of them build more, half fewer. The example game is [SMRT]Felnious's (32 OS, 11/10/2026); pick another.

Team trades

IN AT LEAST 30% OF ITS GAMES

You hand over

  • Construction Bot1 Con bot to Airfirst at 2:23 · in 84% of games
  • Advanced Construction Bot5 T2 con bot to Air or Pond or Geo seafirst at 4:50 · in 99% of games
  • Butler2 Butler to Geo sea or Beach sea or Pondfirst at 9:06 · in 42% of games

You get

  • Hercules1 Light transport from Airfirst at 4:01 · in 86% of games

How it plays out

Typical game of this build, running totals by minute

Metal produced

020k40k
0:005:0010:0015:00

metal

Enemy metal destroyed

050100150
0:005:0010:0015:00

metal

Own metal lost

050100150
0:005:0010:0015:00

metal

1902 games.

Show as table
ByMetal produced: This buildEnemy metal destroyed: This buildOwn metal lost: This build
1:0038300
2:0091500
3:00165200
4:00314300
5:00484800
6:00580100
7:00723000
8:00906400
9:001117800
10:001352000
11:001624200
12:001965200
13:002343000
14:0027286074
15:0031512108130
WHAT THE NUMBERS SAY

Standard Tech play barely fights at all early, instead pouring metal into T2 infrastructure and constructors for the team.

  • + Metal produced hits 31679 by 15:00, by far the highest of any role here.
  • + T2 factory reached in 97% of games by 4:15, fastest and most reliable T2 timing.
  • − Enemy metal destroyed stays at 0 through 10:00, no early offense at all.
  • − Own metal lost also near 0, showing total avoidance of combat risk.
THE EXAMPLE YOU ARE READING

[SMRT]Felnious

32.3 OS · 11/10/2026

Open source match ↗

20 received units
1710 metal received · 182868 energy received

Allied construction assistance is unknown. Timings are observations, not a promise of solo reproducibility.

Typical milestones

Bot Lab1:18Middle 50%: 1:13–1:32 · n=1902
Advanced Bot Lab4:16Middle 50%: 4:04–4:30 · n=1895
Advanced Metal Extractor5:29Middle 50%: 5:05–5:59 · n=1898

Played most by

Amrissa96games of this buildTheGeneraI70games of this buildAdeus57games of this buildEl_Turco55games of this buildKOT_44games of this build